 Dungeon Crawl Stone Soup version 0.28-a0-1447-ga5a8893891 (webtiles) character file.

Game seed: 10438961475716839428

44 Hasart the Insei (level 3, -1/24 HPs)
             Began as an Octopode Transmuter on Jan 10, 2022.
             Slain by a worm (12 damage)
             ... on level 1 of the Dungeon.
             The game lasted 00:02:09 (1267 turns).

Hasart the Insei (Octopode Transmuter)              Turns: 1267, Time: 00:02:09

Health: -1/24      AC:  1    Str: 11    XL:     3   Next: 60%
Magic:  6/6        EV: 13    Int: 15    God:
Gold:   54         SH:  0    Dex: 12    Spells: 5/6 levels left

rFire   . . .      SeeInvis .   e - +1 dagger (venom)
rCold   . . .      Faith    .   (no shield)
rNeg    . . .      Spirit   .   (helmet restricted)
rPois   .          Reflect  .   (no amulet)
rElec   .          Harm     .   (no ring)
rCorr   .          Rampage  .   (no ring)
Will    .....                   (no ring)
Stlth   ++........              (no ring)
HPRegen 0.08/turn               (no ring)
MPRegen 0.10/turn               (no ring)
                                (no ring)
                                (no ring)

@: no status effects
A: almost no armour, amphibious, 8 rings, camouflage 1, gelatinous body 1,
(nimble swimmer 1), tentacles
a: no special abilities


You were on level 1 of the Dungeon.
You visited 1 branch of the dungeon, and saw 2 of its levels.

You collected 54 gold pieces.

Inventory:

Hand Weapons
 e - a +1 dagger of venom (weapon)
Scrolls
 c - a scroll of vulnerability {unknown}
 d - a scroll of teleportation {unknown}
Potions
 a - a potion of heal wounds {unknown}
 b - a potion of lignification {unknown}


   Skills:
 + Level 1.7 Fighting
 * Level 0.0 Short Blades
 + Level 2.4 Dodging
 - Level 3.6 Unarmed Combat
 - Level 2.0 Spellcasting
 + Level 2.4 Transmutations


You had 5 spell levels left.
You knew the following spells:

 Your Spells              Type           Power      Damage    Failure   Level
a - Beastly Appendage     Tmut           16%        N/A       9%          1

Your spell library contained the following spells:

 Spells                   Type           Power      Damage    Failure   Level
 Wereblood                Tmut           8%         N/A       12%         2
 Animate Skeleton         Necr           2%         N/A       22%         1
 Pain                     Necr           4%         1d4       22%         1
 Spider Form              Tmut/Pois      5%         N/A       38%         3
 Vampiric Draining        Necr           1%         2d6       54%         3
 Ice Form                 Ice/Tmut       5%         N/A       80%         4


Dungeon Overview and Level Annotations

Branches:
Dungeon (2/15)

Altars:

Shops:
D:1 *


Innate Abilities, Weirdness & Mutations

You cannot wear most types of armour.
You are amphibious.
You can wear up to eight rings at the same time.
Your skin changes colour to match your surroundings (Stealth+).
Your rubbery body absorbs attacks. (AC +1, EV +1)
((You are camouflaged when in or above water. (Stealth+)))
You have tentacles for arms and can constrict up to eight enemies at once.


Message History

You tentacle-slap the orc but do no damage.
Your grab misses the orc. The orc barely misses you.
You tentacle-slap the orc. You grab the orc.
You pierce the orc.
The orc is heavily wounded.
You constrict the orc, but do no damage.
The orc hits you with a +0 dagger.
You tentacle-slap the orc.
The orc is almost dead.
You constrict the orc.
You kill the orc!
You tentacle-slap the orc but do no damage.
You grab the orc.
You tentacle-slap the orc, but do no damage.
You constrict the orc, but do no damage.
The orc hits you with a +0 club.
You tentacle-slap the orc.
You pierce the orc.
The orc is heavily wounded.
You constrict the orc, but do no damage.
The orc barely misses you.
You tentacle-slap the orc.
You pierce the orc.
You kill the orc!
Your tentacle spike disappears.
Items here: ( ))) [[ †††.
e - a +1 dagger of venom Your +1 dagger of venom begins to drip with poison!
e - a +1 dagger of venom (weapon)
You start resting.
HP restored.
There is a stone staircase leading down here.
You climb downwards.
The orc hits you with a +0 short sword. The rat bites you.
The worm barely misses you. The orc misses you.
There is a stone staircase leading up here.
The rat closely misses you.
The orc hits you with a +0 short sword. x2
The worm barely misses you.
You climb upwards.
There is a stone staircase leading down here.
The rat misses you. The worm bites you!
Ouch! That really hurt!
You die...

..# ..# ..# ######## ..#
###############....... ..#
##..................... ..#
#####.........######....... ..#
#......######.######....†..
..#####.####.# ####[#............
..##....# ##.###@roo....##.......
..#..######..##..w.##..##########
.................................
..#######.#.##.....#..###.#######
..# #....##.......##..........
..# #.........................
.#######....................##...
####..............#######...####.
................##########.######


You could see a worm, 2 orcs and a rat.

Vanquished Creatures
  2 dart slugs (D:1)
  3 orcs (D:1)
  3 ball pythons (D:1)
  2 endoplasms (D:1)
  A giant cockroach (D:1)
  5 goblins (D:1)
  4 hobgoblins (D:1)
  5 bats (D:1)
  3 frilled lizards (D:1)
  4 kobolds (D:1)
  3 rats (D:1)
35 creatures vanquished.

Notes
Turn   | Place    | Note
-------+----------+-------------------------------------------
     0 | D:1      | Hasart the Octopode Transmuter began the quest for the Orb.
     0 | D:1      | Reached XP level 1. HP: 13/13 MP: 3/3
    41 | D:1      | Reached XP level 2. HP: 17/18 MP: 5/5
   445 | D:1      | Reached XP level 3. HP: 21/23 MP: 6/6
   446 | D:1      | Found a faded altar of an unknown god.
   860 | D:1      | Found Osteane's General Store.
  1267 | D:1      | Slain by a worm

Illustrated notes

Levels and vault maps discovered:
D:1:      wander_arrival_abandoned_jail, layout_rooms,
          dilly_ecumenical_altar_fadedgnrine, serial_shops, nicolae_shop_stone,
          minmay_ruptured
D:2:      layout_loops_ring

Action                   || total
-------------------------++-------
Melee: Unarmed           ||    78
       Constrict         ||    18
       Tentacles         ||    16
       Punch             ||     3
       Kick              ||     3
 Cast: Beastly Appendage ||     1
 Stab: Sleeping          ||     4
       Distracted        ||     1
Armor: Skin              ||     5
Dodge: Dodged            ||    52

Table legend: (Time is in decaauts)
 A = Elapsed time spent in this place.
 B = Non-inter-level travel time spent in this place.
 C = Inter-level travel time spent in this place.
 D = Time resting spent in this place.
 E = Time spent auto-exploring this place.
 F = Levels seen in this place.
 G = Mean time per level.
                   A        B        C        D        E       F      G
               +--------+--------+--------+--------+--------+-----+--------+
         Total |   1262 |   1231 |     31 |    162 |    863 |   2 |  631.0 |
       Dungeon |   1262 |   1231 |     31 |    162 |    863 |   2 |  631.0 |
               +--------+--------+--------+--------+--------+-----+--------+

Top non-repeatable levels by time:
     D:1: 1253 daAuts
     D:2: 9 daAuts
